 Dungeon Crawl Stone Soup version 0.16.2-12-gd0ad4c3 (webtiles) character file.

10703 musteatbrain the Cleaver (level 11, -8/102 HPs)
             Began as a Minotaur Fighter on Sept 27, 2015.
             Was a High Priest of Okawaru.
             Killed by Ozocubu's Refrigeration
             ... invoked by Fannar
              (15 damage)
             ... on level 11 of the Dungeon.
             The game lasted 00:40:16 (12270 turns).

musteatbrain the Cleaver (Minotaur Fighter)        Turns: 12270, Time: 00:40:16

Health: -8/102     AC: 14    Str: 24    XL:     11   Next: 39%
Magic:  4/4        EV:  9    Int:  5    God:    Okawaru [*****.]
Gold:   1052       SH:  0    Dex: 10    Spells: 0 memorised, 10 levels left

rFire  . . .     SeeInvis .     j - +3 hand axe (elec)
rCold  . . .     Clarity  .     x - +0 plate armour
rNeg   . . .     SustAb   .     (no shield)
rPois  .         Gourm    .     (helmet restricted)
rElec  .         Spirit   .     (no cloak)
rCorr  .         Warding  .     (no gloves)
rMut   .         Stasis   .     (no boots)
MR     .....                    a - amulet of rage
Stlth  ..........               (no ring)
                                (no ring)

@: exhausted, slowed, very slow, not resistant to hostile enchantments,
extremely unstealthy
A: retaliatory headbutt, horns 2
a: Heroism, Finesse, Renounce Religion, Evoke Berserk Rage


You were on level 11 of the Dungeon.
You worshipped Okawaru.
Okawaru was extremely pleased with you.
You were very hungry.

You visited 2 branches of the dungeon, and saw 12 of its levels.
You also visited: Ossuary and Ice Cave.

You collected 1052 gold pieces.

Inventory:

Hand weapons
 b - a +0 whip
 j - a +3 hand axe of electrocution (weapon)
Armour
 x - a +0 plate armour (worn)
Jewellery
 a - an amulet of rage (around neck)
 f - an uncursed amulet of guardian spirit
Magical devices
 d - a wand of polymorph (18)
 q - a wand of magic darts (13)
 w - a wand of flame (22)
 y - a wand of flame (19)
 C - a wand of disintegration (14)
 E - a wand of disintegration (7)
Scrolls
 e - a scroll of noise {unknown}
 h - 4 scrolls of teleportation
 k - 2 scrolls of magic mapping {unknown}
 l - 2 scrolls of enchant armour {unknown}
 u - a scroll of fear {unknown}
 v - a scroll of amnesia {unknown}
 B - a scroll of recharging {unknown}
 H - a scroll of enchant weapon
 L - a scroll of remove curse
Potions
 i - 6 potions of curing
 o - a potion of ambrosia
 r - a potion of poison
 s - a potion of berserk rage
 t - 2 potions of magic
 A - 2 potions of cancellation {unknown}
 D - a potion of mutation {unknown}
 F - a potion of restore abilities
 I - a potion of brilliance {unknown}
 K - a potion of resistance {unknown}
Books
 c - a book of Death

   Spells                             Type                      Level
   a - Corpse Rot                     Necromancy                   2
   b - Sublimation of Blood           Necromancy                   2
   c - Agony                          Necromancy                   5
   d - Dispel Undead                  Necromancy                   5
   e - Excruciating Wounds            Charms/Necromancy            5
   f - Bolt of Draining               Conjuration/Necromancy       5
 z - a book of Burglary

   Spells                             Type                      Level
   a - Swiftness                      Charms/Air                   2
   b - Passwall                       Transmutation/Earth          3
   c - Passage of Golubria            Translocation                4
   d - Lee's Rapid Deconstruction     Earth                        5
   e - Invisibility                   Hexes                        6
   f - Darkness                       Hexes                        7
Comestibles
 g - 4 bread rations
 G - a meat ration


   Skills:
 + Level 11.1 Fighting
 * Level 14.3 Axes
 + Level 9.2 Armour
 + Level 7.3 Dodging
   Level 3.6 Shields


You had 10 spell levels left.
You didn't know any spells.

Dungeon Overview and Level Annotations

Branches:
Dungeon (11/15)            Temple (1/1) D:7             Orc (0/4) D:10
   Lair: D:8-11

Altars:
Ashenzari
Cheibriados
Dithmenos
Elyvilon
Fedhas
Gozag
Kikubaaqudgha
Makhleb
Nemelex Xobeh
Okawaru
Qazlal
Sif Muna
Trog
Vehumet
Xom
Yredelemnul
Zin
The Shining One

Annotations:
D:11 Fannar


Innate Abilities, Weirdness & Mutations

You reflexively headbutt those who attack you in melee.
You have a pair of horns on your head.


Message History

You're too exhausted to go berserk.
Drink which item? (? for menu, Esc to quit)
Okay, then.
Use which ability? (? or * to list)
Okay, then.
You are confused.
You feel invigorated.
The ice beast hits you but does no damage.
The ice beast closely misses you. The ice beast hits you.
* * * LOW HITPOINT WARNING * * *
The ice beast freezes you.
* * * LOW HITPOINT WARNING * * *
The ice beast hits you but does no damage.
You are too injured to fight recklessly!
You feel less invigorated.
You feel less confused.
Fannar mumbles some strange words.
Fannar drains the heat from the surrounding environment!
You feel very cold.
You die...

+....# ... #....# ....
#....##
.....#############......
....................<....
.........................
.........................
.......eY....########.....
.......Y=@...# #.....
####.........# #.....
#.........# #.....
#.........# #.....
#.........########.....
#.........))..........#
#........####.........#
........# #######....
.......# #....


You could see Fannar and 2 ice beasts.

Vanquished Creatures
  3 skeletal warriors (D:11)
  Erolcha (D:9)
  Pikel (D:8)
  A hill giant (D:10)
  Maurice (D:8)
  Joseph (D:7)
  A deep elf mage (D:10)
  3 yaks (D:10)
  A wraith (D:8)
  Eustachio (D:7)
  2 hungry ghosts
  2 hippogriffs
  A sky beast (D:7)
  4 slaves (D:8)
  4 ogres
  3 orc warriors
  2 necrophages
  2 phantoms
  3 black bears
  13 ice beasts
  A crocodile (D:9)
  Sigmund (D:6)
  A centaur (D:6)
  An elf zombie (D:8)
  Blork the orc (D:7)
  4 giant frogs
  A gnoll sergeant (D:7)
  A water moccasin zombie (D:6)
  A scorpion (D:4)
  4 wights (D:10)
  13 killer bees
  6 crimson imps
  A hound (D:4)
  A giant frog zombie (D:11)
  A centaur zombie (D:6)
  3 goliath beetles
  4 human skeletons (D:8)
  4 human zombies (D:8)
  4 orc priests
  5 orc wizards
  2 quasits
  3 jellies
  A centaur skeleton (D:10)
  A giant frog skeleton (D:10)
  3 iguanas
  Natasha (twice) (D:6)
  5 worker ants
  A big kobold zombie (Ossuary)
  An ogre zombie (D:8)
  A hound zombie (D:6)
  2 hound skeletons
  9 mummies
  7 adders
  12 gnolls
  4 giant mites
  5 worms
  A shadow imp (D:6)
  12 white imps (D:11)
  An adder skeleton (D:7)
  An ooze (D:2)
  27 orcs
  A bat skeleton (D:4)
  6 giant cockroaches
  15 goblins
  14 hobgoblins
  28 jackals
  13 kobolds
  4 quokkas
  15 bats
  7 giant geckos
  8 giant newts
  A gnoll zombie (Ossuary)
  3 hobgoblin zombies (Ossuary)
  3 orc zombies (Ossuary)
  17 rats
344 creatures vanquished.

Vanquished Creatures (others)
  A sky beast (D:11)
1 creature vanquished.

Grand Total: 345 creatures vanquished

Notes
Turn   | Place    | Note
--------------------------------------------------------------
     0 | D:1      | musteatbrain, the Minotaur Fighter, began the quest for the Orb.
     0 | D:1      | Reached XP level 1. HP: 19/19 MP: 1/1
   230 | D:1      | Reached skill level 4 in Fighting
   230 | D:1      | Reached XP level 2. HP: 17/27 MP: 0/1
   740 | D:2      | Found a blossoming altar of Fedhas.
   846 | D:2      | Reached XP level 3. HP: 23/34 MP: 2/2
  1011 | D:2      | Reached XP level 4. HP: 16/41 MP: 2/2
  1802 | D:3      | Found a shadowy altar of Dithmenos.
  1804 | D:3      | Reached skill level 5 in Axes
  1834 | D:3      | Reached skill level 5 in Fighting
  2133 | D:3      | HP: 2/42 [orc/trident (7)]
  2134 | D:3      | Reached XP level 5. HP: 2/48 MP: 1/2
  2480 | D:3      | Reached skill level 6 in Axes
  2767 | D:3      | Found a basalt altar of Yredelemnul.
  2767 | D:3      | Found an opulent altar of Gozag.
  2937 | D:4      | Reached XP level 6. HP: 46/56 MP: 3/3
  2950 | D:4      | Found a sand-covered staircase.
  2954 | Ossuary  | Entered an ossuary
  3526 | Ossuary  | Reached skill level 7 in Axes
  3811 | D:4      | Noticed an ogre
  3818 | D:4      | Killed an ogre
  3818 | D:4      | Reached XP level 7. HP: 61/64 MP: 3/3
  3897 | D:4      | Noticed an orc warrior
  3910 | D:4      | Killed an orc warrior
  3910 | D:4      | Reached skill level 8 in Axes
  4041 | D:4      | Found a white marble altar of Elyvilon.
  4435 | D:5      | Entered Level 5 of the Dungeon
  4590 | D:5      | Reached skill level 9 in Axes
  4772 | D:5      | Reached XP level 8. HP: 73/73 MP: 3/3
  4983 | D:6      | Noticed Sigmund
  4993 | D:6      | Killed Sigmund
  4993 | D:6      | Reached skill level 1 in Dodging
  5308 | D:6      | Noticed Natasha
  5312 | D:6      | Killed Natasha
  5378 | D:6      | Reached skill level 10 in Axes
  5863 | D:6      | Reached skill level 5 in Armour
  5966 | D:6      | Noticed Natasha
  5977 | D:6      | Killed Natasha
  6030 | D:6      | Reached XP level 9. HP: 82/82 MP: 4/4
  6368 | D:7      | Noticed Blork the orc
  6375 | D:7      | Killed Blork the orc
  6515 | D:7      | Found a staircase to the Ecumenical Temple.
  6523 | Temple   | Entered the Ecumenical Temple
  6614 | Temple   | Became a worshipper of Warmaster Okawaru
  6784 | D:7      | Found a bloodstained altar of Trog.
  6791 | D:7      | Noticed Eustachio
  6799 | D:7      | Reached skill level 11 in Axes
  6801 | D:7      | Killed Eustachio
  7161 | D:7      | Gained mutation: Your body is slowly deteriorating. [mutagenic meat]
  7177 | D:7      | Noticed Joseph
  7195 | D:7      | Killed Joseph
  7195 | D:7      | Acquired Okawaru's first power
  7955 | D:8      | Found a sparkling altar of Nemelex Xobeh.
  7955 | D:8      | Found a stormy altar of Qazlal.
  8011 | D:8      | Noticed Maurice
  8023 | D:8      | Killed Maurice
  8023 | D:8      | Reached skill level 12 in Axes
  8023 | D:8      | Reached skill level 5 in Dodging
  8131 | D:8      | Reached XP level 10. HP: 90/92 MP: 3/4
  8253 | D:8      | Found an ancient bone altar of Kikubaaqudgha.
  8402 | D:8      | Noticed Pikel
  8423 | D:8      | Killed Pikel
  8701 | D:8      | Found a deep blue altar of Sif Muna.
  8934 | D:8      | Found a bloodstained altar of Trog.
  9089 | D:9      | Reached skill level 10 in Fighting
  9432 | D:9      | Noticed Erolcha
  9441 | D:9      | Killed Erolcha
  9441 | D:9      | Reached skill level 13 in Axes
  9916 | D:9      | Found a glowing silver altar of Zin.
 10005 | D:10     | Entered Level 10 of the Dungeon
 10356 | D:10     | Found a staircase to the Orcish Mines.
 10419 | D:10     | Reached XP level 11. HP: 53/101 MP: 4/4
 10952 | D:10     | Noticed a hill giant
 10959 | D:10     | Killed a hill giant
 10967 | D:10     | Lost mutation: Your body is slowly deteriorating. [potion of cure mutation]
 11071 | D:11     | Found a frozen archway.
 11170 | IceCv    | Entered an ice cave
 11188 | IceCv    | Reached skill level 14 in Axes
 11366 | IceCv    | Noticed an ice statue
 11366 | IceCv    | Noticed an ice statue
 11366 | IceCv    | Noticed an ice statue
 12002 | D:11     | Noticed a skeletal warrior
 12020 | D:11     | Killed a skeletal warrior
 12021 | D:11     | Noticed a skeletal warrior
 12021 | D:11     | Noticed a skeletal warrior
 12034 | D:11     | Killed a skeletal warrior
 12034 | D:11     | Acquired Okawaru's second power
 12040 | D:11     | Killed a skeletal warrior
 12244 | D:11     | Noticed Fannar
 12252 | D:11     | Paralysed by Fannar for 5 turns
 12268 | D:11     | HP: 5/102 [Fannar/Ozocubu's Refrigeration (19)]
 12270 | D:11     | Killed from afar by Fannar

Action                   |  1- 3 |  4- 6 |  7- 9 | 10-12 || total
-------------------------+-------+-------+-------+-------++-------
Melee: War axe           |    18 |       |       |       ||    18
       Hand axe          |    39 |   123 |   311 |   347 ||   820
Invok: Heroism           |       |       |     1 |       ||     1
 Abil: Evoke Berserk Rag |       |       |       |     1 ||     1
Evoke: Wand              |       |     3 |       |     4 ||     7
  Use: Scroll            |       |     6 |     6 |     3 ||    15
       Potion            |       |     1 |     3 |     7 ||    11
  Eat: Bread ration      |       |     2 |     1 |       ||     3
       Chunk             |       |     1 |     6 |       ||     7
       Pizza             |       |     1 |     1 |       ||     2
       Fruit             |       |       |     4 |       ||     4
       Meat ration       |       |       |       |     2 ||     2
